 Dungeon Crawl Stone Soup version 0.31-a0-196-g86fe4a5e66 (webtiles) character file.

Game seed: 15801994900378604853

6 OTABOTABOTAB the Chiller (level 1, 13/13 HPs)
             Began as a Merfolk Ice Elementalist on June 25, 2023.
             Quit the game on level 1 of the Dungeon.
             The game lasted 00:00:48 (464 turns).

OTABOTABOTAB the Chiller (Merfolk Ice Elementalist)  Turns: 464, Time: 00:00:49

Health: 13/13      AC:  2    Str:  8    XL:     1   Next: 90%
Magic:  3/3        EV: 12    Int: 14    God:
Gold:   73         SH:  0    Dex: 14    Spells: 3/4 levels left

rFire   . . .        c - staff of poison {rPois}
rCold   . . .        (no shield)
rNeg    . . .        a - +0 robe
rPois   +            (no helmet)
rElec   .            (no cloak)
rCorr   .            (no gloves)
SInv    .            (no boots)
Will    .....        (no amulet)
Stlth   ++           (no ring)
HPRegen 0.22/turn    (no ring)
MPRegen 0.08/turn

%: no passive effects
@: no status effects
A: (nimble swimmer 2), mertail
a: no special abilities


You were on level 1 of the Dungeon.
You visited 1 branch of the dungeon, and saw 1 of its levels.

You collected 73 gold pieces.

Inventory:

Missiles
 s - 6 stones
Armour
 a - a +0 robe (worn)
 j - a +0 hat
   (You found it on level 1 of the Dungeon)
Magical Staves
 c - a staff of poison (weapon) {rPois}
   (You found it on level 1 of the Dungeon)
Jewellery
 f - a ring of fire {rF+, rC-}
   (You found it on level 1 of the Dungeon)
Scrolls
 b - a scroll of amnesia {unknown}
 g - a scroll of teleportation {unknown}
 h - a scroll of acquirement {unknown}
 i - a scroll of identify {unknown}
Potions
 d - a potion of heal wounds {unknown}
 e - a potion of resistance {unknown}
 M - a potion of magic


   Skills:
 - Level 2.6 Dodging
 - Level 2.1 Stealth
 + Level 2.2 Spellcasting
 + Level 4.6 Ice Magic


You had 3 spell levels left.
You knew the following spells:

 Your Spells              Type           Power      Damage    Failure   Level
a - Freeze                Ice            56%        1d7       3%          1

Your spell library contained the following spells:

 Spells                   Type           Power      Damage    Failure   Level
 Frozen Ramparts          Ice            28%        1d5       11%         3
 Ozocubu's Armour         Ice            14%        N/A       11%         3
 Summon Ice Beast         Ice/Summ       8%         N/A       65%         4


Dungeon Overview and Level Annotations

Branches:
Dungeon (1/15)

Altars:


Innate Abilities, Weirdness & Mutations

((You are very nimble when in or above water. (Stealth+, EV+, Speed+++)))
Your lower body shifts to a powerful aquatic tail in water.


Message History

Bad channel name 'Jiyva says' for runrest: 'Jiyva says: Divide and consume' Welcome, OTABOTABOTAB the Merfolk Ice Elementalist.
The Orb of Zot is coveted for many reasons.
Will you seize it for your own?
Found a staircase leading out of the dungeon.
As you open the door, it creaks loudly!
There is an open door here.
b - a scroll labelled LOUFFAMN YPHYN
Found a stone staircase leading down.
c - a staff of poison {rPois}
There is a stone staircase leading down here.
There is a stone staircase leading down here.
You now have 14 gold pieces.
A giant cockroach comes into view.
A giant cockroach is nearby!
Really attack while wielding nothing? [Y]es or [N]o only, please.
Really attack while wielding nothing?
Okay, then.
Unknown command.
Okay, then.
Press: ? - help, Shift-Dir - straight line, f - giant cockroach
Aim: a giant cockroach (asleep)
You freeze the giant cockroach.
You kill the giant cockroach!
You now have 2/3 mp.
You now have 28 gold pieces (gained 14).
Found a stone staircase leading down.
MP restored: 3 You now have 38 gold pieces (gained 10).
You now have 48 gold pieces (gained 10).
You now have 55 gold pieces (gained 7).
d - a pink potion You now have 61 gold pieces (gained 6).
f - a ring of fire {rF+, rC-}
e - a fuming brown potion
Found a stone staircase leading down.
g - a +0 hand axe
c - a staff of poison (weapon)
{rPois} You drop a +0 hand axe.
g - a scroll labelled BEPAUT KUBREWN
s - 6 stones
h - a scroll labelled SOORGH DOKEFEIKHU A jackal comes into view.
A jackal comes into view.
The jackal bites you but does no damage.
Press: ? - help, Shift-Dir - straight line, f - jackal
Aim: a jackal You freeze the jackal!
You kill the jackal!
You now have 2/3 mp.
The jackal bites you.
You take 1 damage, and have 12/13 hp.
Unknown command.
Press: ? - help, Shift-Dir - straight line, f - jackal
Aim: a jackal You freeze the jackal.
The jackal bites you.
You take 2 damage, and have 10/13 hp.
You now have 1/3 mp.
Press: ? - help, Shift-Dir - straight line, f/p - jackal
Aim: a jackal (moderately wounded)
You freeze the jackal.
You kill the jackal!
You now have 0/3 mp.
You see here a jackal corpse.
A hobgoblin comes into view.
Health restored: 13; MP restored: 3
Okay, then.
Press: ? - help, Shift-Dir - straight line, f - hobgoblin
Aim: a hobgoblin You freeze the hobgoblin.
The hobgoblin hits you.
You take 3 damage, and have 10/13 hp.
MASSIVE DAMAGE!!
You now have 2/3 mp.
Press: ? - help, Shift-Dir - straight line, f/p - hobgoblin
Aim: a hobgoblin (moderately wounded)
You freeze the hobgoblin. The hobgoblin barely misses you.
You now have 1/3 mp.
Press: ? - help, Shift-Dir - straight line, f/p - hobgoblin
Aim: a hobgoblin (severely wounded)
You freeze the hobgoblin.
You kill the hobgoblin!
You now have 0/3 mp.
You now have 73 gold pieces (gained 12).
A rat comes into view.
Health restored: 13; MP restored: 3 Unknown command.
You barely miss the rat. The rat misses you.
You hit the rat.
You kill the rat!
You can't see any susceptible monsters within range! (Use Z to cast anyway.) Unknown command.
You see here a rat corpse.
Found an escape hatch in the floor.
i - a scroll labelled ICUNWUUZIQ
j - a +0 hat A rat comes into view.

.# #.# #.#####.#############..
.######.###.# #.# #.#
............# ##.# #.#
...####..#### #..# #.# .#.# #..#
#.## #.# .#.####..# #.# #.#
.......>.#######.##############..
.#######..........r.............#
.## #### #@# #########
..########### #.# ............#
#.# ..#########.####.# ###
#......# ########


You could see a rat.

Vanquished Creatures
  A giant cockroach (D:1)
  A hobgoblin (D:1)
  2 jackals (D:1)
  A rat (D:1)
5 creatures vanquished.

Notes
Turn   | Place    | Note
-------+----------+-------------------------------------------
     0 | D:1      | OTABOTABOTAB the Merfolk Ice Elementalist began the quest
                  | for the Orb.
     0 | D:1      | Reached XP level 1. HP: 13/13 MP: 3/3
   464 | D:1      | Quit the game

Illustrated notes

Levels and vault maps discovered:
D:1:      dpeg_arrival_tiny_d, layout_loops_ring, chequers_decorated_corner,
          minmay_misc_feat_rugged

Action                     || total
---------------------------++-------
  Melee: Staff             ||     2
   Cast: Freeze            ||     7
 Armour: Robe              ||     1
  Dodge: Dodged            ||     2

Table legend: (Time is in decaauts)
 A = Elapsed time spent in this place.
 B = Non-inter-level travel time spent in this place.
 C = Inter-level travel time spent in this place.
 D = Time resting spent in this place.
 E = Time spent auto-exploring this place.
 F = Levels seen in this place.
 G = Mean time per level.
                   A        B        C        D        E       F      G
               +--------+--------+--------+--------+--------+-----+--------+
         Total |    463 |    463 |      0 |      0 |    423 |   1 |  463.0 |
       Dungeon |    463 |    463 |      0 |      0 |    423 |   1 |  463.0 |
               +--------+--------+--------+--------+--------+-----+--------+

Top non-repeatable levels by time:
     D:1: 463 daAuts

Levels and vault maps discovered:
D:1:      dpeg_arrival_tiny_d, layout_loops_ring, chequers_decorated_corner,
          minmay_misc_feat_rugged

Table legend: (Time is in decaauts)
 A = Elapsed time spent in this place.
 B = Non-inter-level travel time spent in this place.
 C = Inter-level travel time spent in this place.
 D = Time resting spent in this place.
 E = Time spent auto-exploring this place.
 F = Levels seen in this place.
 G = Mean time per level.
                   A        B        C        D        E       F      G
               +--------+--------+--------+--------+--------+-----+--------+
         Total |    463 |    463 |      0 |      0 |    423 |   1 |  463.0 |
       Dungeon |    463 |    463 |      0 |      0 |    423 |   1 |  463.0 |
               +--------+--------+--------+--------+--------+-----+--------+

Top non-repeatable levels by time:
     D:1: 463 daAuts

Table legend:
 A = Kills in this place as a percentage of kills in the entire game.
 B = Kills by you in this place as a percentage of kills by you in the entire game.
 C = Kills by friends in this place as a percentage of kills by friends in the entire game.
 D = Other kills in this place as a percentage of other kills in the entire game.
 E = Experience gained in this place as a percentage of experience gained in the entire game.
 F = Experience gained in this place divided by the number of levels of this place that you have seen.
                   A       B       C       D       E      F
               +-------+-------+-------+-------+-------+----------------------
         Total | 100.0 | 100.0 |   N/A |   N/A | 100.0 |   9.0
       Dungeon | 100.0 | 100.0 |   N/A |   N/A | 100.0 |   9.0
               +-------+-------+-------+-------+-------+----------------------
